cohdb
Replays
Latest Replays
All Replays
Popular Replays
Top Player Replays
Match Explorer
How It Works
Community
CoH3 Stats
Reddit
Sign in to upload your games and track your stats! →
Sign in with Steam
Match 42844064
Unlisted
Match 42844064
Overview
Messages
Build Orders
End
Pioneer Squad
Construct Infanterie Kompanie
Grenadier Squad
Grenadier Squad
Grenadier Squad
Infanterie Officer Quarters
Grenadier Squad
Construct Luftwaffe Kompanie
Selects Mechanized Battlegroup
Selects Raid Package
221 Scout Car
Jäger Squad
Selects StuG Assault Group
StuG Assault Group
Luftwaffe Officer Quarters
Jäger Squad
StuG Assault Group
Jäger Squad
Pioneer Squad
Selects Panther Heavy Tank
Panther Heavy Tank
Selects Mobile Repair Stations
Selects Stoßtruppen Assault Package
Selects Zeroing Artillery Barrage
Panther Heavy Tank
Monsieur Nathan
wut?
0
0
Comments
sign in to comment!
No comments posted yet!